 Dungeon Crawl Stone Soup version 0.18.1-48-g4cf74bf (webtiles) character file.

9662 hairmachine the Destroyer (level 11, 0/57 HPs)
             Began as a Gargoyle Earth Elementalist on July 21, 2016.
             Was a Believer of Elyvilon.
             Slain by a five-headed hydra (9 damage)
             ... on level 2 of the Lair of Beasts.
             The game lasted 00:56:06 (15636 turns).

hairmachine the Destroyer (GrEE)                   Turns: 15636, Time: 00:56:06

Health: 0/57       AC: 17    Str: 12    XL:     11   Next: 50%
Magic:  8/21       EV: 11    Int: 21    God:    Elyvilon [**....]
Gold:   546        SH:  0    Dex: 10    Spells: 6 memorised, 3 levels left

rFire  + . .     SeeInvis .     b - 138 stones
rCold  + . .     Gourm    .     v - +1 leather armour {rF+}
rNeg   + . .     Faith    .     (no shield)
rPois  ∞         Spirit   .     o - +1 helmet
rElec  +         Dismiss  .     C - +0 cloak
rCorr  .         Reflect  .     w - +1 pair of gloves
SustAt .         Harm     .     (no boots)
MR     .....                    (no amulet)
Stlth  ++........               J - ring of protection from cold
                                e - +2 ring of intelligence

@: invisible, not resistant to hostile enchantments, unstealthy
A: negative energy resistance 1, electricity resistance, unbreathing,
petrification resistance, rot immunity, AC +7
a: Lesser Healing, Heal Other, Divine Protection, Renounce Religion


You were on level 2 of the Lair of Beasts.
You worshipped Elyvilon.
Elyvilon was pleased with you.
You were near starving.

You visited 3 branches of the dungeon, and saw 13 of its levels.
You also visited: Sewer and Ice Cave.

You collected 546 gold pieces.

Inventory:

Hand Weapons
 K - a +1 whip of freezing
Missiles
 b - 138 stones (in hand)
Armour
 a - a +0 robe
 o - a +1 helmet (worn)
 t - a +0 leather armour
 v - a +1 leather armour of fire resistance (worn)
 w - a +1 pair of gloves (worn)
 C - a +0 cloak (worn)
Magical Staves
 g - an uncursed staff of air
Jewellery
 e - a +2 ring of intelligence (left hand)
 J - a ring of protection from cold (right hand)
 U - a +3 ring of intelligence
Wands
 s - a wand of polymorph (18/24)
 E - a wand of hasting (3/9)
 I - a wand of disintegration (16/24)
 Q - a wand of flame (33/48)
 R - a wand of heal wounds (4/9)
 S - a wand of iceblast (1/15)
Scrolls
 j - 6 scrolls of identify
 l - 5 scrolls of teleportation
 m - 3 scrolls of enchant weapon
 q - 6 scrolls of remove curse
 r - 4 scrolls of recharging
 B - a scroll of brand weapon {unknown}
 D - 2 scrolls of magic mapping {unknown}
 F - 2 scrolls of fog
 M - a scroll of silence {unknown}
 P - a scroll of vulnerability {unknown}
Potions
 f - a potion of invisibility
 h - 2 potions of ambrosia
 i - 5 potions of magic
 k - 2 potions of flight {unknown}
 n - 4 potions of lignification
 p - 3 potions of degeneration {unknown}
 u - 3 potions of berserk rage {unknown}
 x - 4 potions of mutation {unknown}
 A - 4 potions of heal wounds {unknown}
 G - 4 potions of curing {unknown}
 H - 2 potions of might
 O - 2 potions of resistance {unknown}
Books
 c - a book of Geomancy

   Spells                             Type                      Level
   a - Sandblast                      Earth                        1
   b - Passwall                       Transmutation/Earth          2
   c - Stone Arrow                    Conjuration/Earth            3
   d - Petrify                        Transmutation/Earth          4
   e - Lee's Rapid Deconstruction     Earth                        5
 y - a Young Poisoner's Handbook

   Spells                             Type                      Level
   a - Sting                          Conjuration/Poison           1
   b - Cure Poison                    Poison                       2
   c - Mephitic Cloud                 Conjuration/Poison/Air       3
   d - Olgreb's Toxic Radiance        Poison                       4
   e - Venom Bolt                     Conjuration/Poison           5
 z - a book of Callings

   Spells                             Type                      Level
   a - Summon Small Mammal            Summoning                    1
   b - Call Imp                       Summoning                    2
   c - Call Canine Familiar           Summoning                    3
   d - Summon Guardian Golem          Hexes/Summoning              3
   e - Summon Lightning Spire         Summoning/Air                4
   f - Summon Ice Beast               Ice/Summoning                4
Comestibles
 d - 8 bread rations
 L - 3 beef jerkies
 N - 7 slices of pizza
 T - 2 meat rations


   Skills:
 - Level 2.2 Fighting
 - Level 5.9 Maces & Flails
 - Level 4.0 Armour
 - Level 1.5 Dodging
 - Level 2.1 Stealth
 - Level 7.0 Spellcasting
 + Level 9.6 Conjurations
   Level 0.7 Transmutations
 - Level 1.0 Air Magic
 - Level 7.1 Earth Magic
 + Level 9.5 Poison Magic
 + Level 2.1 Invocations


You had 3 spell levels left.
You knew the following spells:

 Your Spells              Type           Power        Failure   Level  Hunger
a - Sandblast             Erth           #####.       1%          1    None
b - Stone Arrow           Conj/Erth      #####.       1%          3    #......
c - Mephitic Cloud        Conj/Pois/Air  #####...     1%          3    #......
d - Olgreb's Toxic Radia  Pois           #####...     2%          4    ###....
e - Venom Bolt            Conj/Pois      #####.....   10%         5    #####..
f - Lee's Rapid Deconstr  Erth           #####.....   21%         5    #####..


Dungeon Overview and Level Annotations

Branches:
Dungeon (10/15)            Temple (1/1) D:5            Lair (2/8) D:9
    Orc: D:9-12

Altars:
Ashenzari
Cheibriados
Dithmenos
Elyvilon
Fedhas
Gozag
Kikubaaqudgha
Makhleb
Nemelex Xobeh
Okawaru
Pakellas
Qazlal
Ru
Sif Muna
Trog
Vehumet
Xom
Yredelemnul
Zin
The Shining One

Shops:
D:8 *

Annotations:
Lair:1 exclusion: oklob plant


Innate Abilities, Weirdness & Mutations

You are resistant to torment.
Your stone body is resilient (AC +7).
You are immune to poison.
You resist negative energy.
You are resistant to electric shocks.
You can survive without breathing.
You are immune to petrification.
You are immune to rotting.


Message History

The five-headed hydra closely misses you.
The five-headed hydra bites you.
* * * LOW HITPOINT WARNING * * *
The five-headed hydra bites you.
* * * LOW HITPOINT WARNING * * *
The five-headed hydra barely misses you.
The five-headed hydra bites you but does no damage. x2
The five-headed hydra closely misses you.
You are healed.
You feel somewhat more hungry. The five-headed hydra bites you!
* * * LOW HITPOINT WARNING * * *
The five-headed hydra barely misses you.
The five-headed hydra bites you.
* * * LOW HITPOINT WARNING * * *
The five-headed hydra barely misses you.
The five-headed hydra bites you but does no damage.
Drink which item? (? for menu, Esc to quit)
You fade into invisibility!
The five-headed hydra bites you but does no damage.
The five-headed hydra bites you!
You die...

.............## ###....##### #.
##......#...P.## #.#.......P# ##
#...P.#.......####.......... ###
#....##.....#....#..........##..
#...#.##...#.#...............<..
#..>.###..#...#.................
##..# #....#.#..................
#..###.....#..D................
#.<..........#@...............[
##..........#..................
#........)....................
#..#...........##.............
#...........#..###.###.......#
#...........P..P#### ##.######
#..(............# #.##
#..........#..### ###
#P............#


You could see a five-headed hydra.

Vanquished Creatures
  Pikel (D:7)
  An elephant (D:9)
  2 komodo dragons
  Grinder (D:3)
  3 fire bats (Lair:1)
  5 yaks (D:9)
  A human (D:7)
  3 hippogriffs
  A hungry ghost (D:9)
  3 porcupines
  4 water moccasins
  Duvessa (D:4)
  2 orc warriors
  4 slaves (D:6)
  An ice beast (D:9)
  2 sky beasts
  2 black bears
  3 ogres
  2 wolves (IceCv)
  2 crocodiles
  5 centaurs
  2 big kobolds (D:7)
  12 giant frogs
  Blork the orc (D:6)
  3 scorpions
  Dowan (D:5)
  17 killer bees
  3 wights (D:9)
  3 jellies
  2 howler monkeys (D:5)
  A crimson imp (D:8)
  A centaur zombie (D:5)
  A giant frog zombie (D:9)
  9 hounds
  6 orc wizards
  2 centaur skeletons
  A giant frog skeleton (D:4)
  4 orc priests
  A gnoll shaman (D:5)
  3 iguanas
  Crazy Yiuf (D:5)
  Ijyb (D:3)
  Natasha (thrice) (D:2)
  8 worker ants
  5 sheep
  A hound skeleton (D:7)
  A worker ant zombie (D:8)
  17 adders
  2 gnolls (D:5)
  20 river rats
  3 shadow imps
  4 oozes
  A worm (D:2)
  3 giant geckos
  39 orcs
  6 bats
  A bat zombie (D:1)
  16 giant cockroaches
  5 hobgoblins
  5 jackals
  17 kobolds
  2 quokkas (D:9)
  8 ball pythons
  A giant gecko skeleton (D:8)
  2 giant gecko zombies
  12 giant newts
  6 goblins
  33 rats
345 creatures vanquished.

Vanquished Creatures (others)
  A fungus (Lair:1)
1 creature vanquished.

Grand Total: 346 creatures vanquished

Notes
Turn   | Place    | Note
--------------------------------------------------------------
     0 | D:1      | hairmachine the Gargoyle Earth Elementalist began the quest for the Orb.
     0 | D:1      | Reached XP level 1. HP: 10/10 MP: 3/3
   451 | D:1      | Reached XP level 2. HP: 15/15 MP: 3/5
  1200 | D:1      | You fall through a shaft!
  1201 | D:2      | Reached XP level 3. HP: 19/19 MP: 4/6
  1224 | D:2      | Reached skill level 5 in Earth Magic
  1248 | D:2      | Learned a level 3 spell: Stone Arrow
  1401 | D:2      | Found a snail-covered altar of Cheibriados.
  1420 | D:2      | Noticed Natasha
  1426 | D:2      | Killed Natasha
  1483 | D:2      | Noticed Natasha
  1489 | D:2      | Killed Natasha
  1489 | D:2      | Reached XP level 4. HP: 19/24 MP: 2/7
  1594 | D:2      | Found a shimmering altar of Xom.
  1601 | D:2      | Found a burning altar of Makhleb.
  1875 | D:2      | Noticed Natasha
  1893 | D:2      | Killed Natasha
  1893 | D:2      | Reached XP level 5. HP: 14/28 MP: 1/8
  2170 | D:3      | Noticed Grinder
  2180 | D:3      | Noticed Ijyb
  2222 | D:3      | Killed Ijyb
  2497 | D:3      | Killed Grinder
  2497 | D:3      | Reached XP level 6. HP: 21/32 MP: 0/9
  3015 | D:3      | Reached XP level 7. HP: 28/36 MP: 0/10
  3491 | D:3      | Found a glowing golden altar of the Shining One.
  3492 | D:3      | Found a stormy altar of Qazlal.
  3771 | D:4      | Reached skill level 1 in Armour
  4617 | D:5      | Entered Level 5 of the Dungeon
  4626 | D:5      | Found a staircase to the Ecumenical Temple.
  4663 | D:4      | Reached XP level 8. HP: 24/42 MP: 1/13
  4872 | D:5      | Noticed Dowan
  4875 | D:5      | Noticed Duvessa
  4890 | D:5      | Killed Dowan
  4987 | D:4      | Killed Duvessa
  5237 | D:5      | Reached skill level 1 in Fighting
  5471 | D:5      | Learned a level 3 spell: Mephitic Cloud
  5521 | D:5      | Noticed Crazy Yiuf
  5526 | D:5      | Killed Crazy Yiuf
  5652 | D:5      | Reached skill level 1 in Poison Magic
  5837 | D:5      | Reached skill level 5 in Spellcasting
  5877 | D:5      | Reached XP level 9. HP: 48/48 MP: 10/16
  5929 | Temple   | Entered the Ecumenical Temple
  6237 | Temple   | Became a worshipper of Elyvilon the Healer
  6921 | D:6      | Found a glowing drain.
  6959 | D:6      | Learned a level 4 spell: Olgreb's Toxic Radiance
  6960 | Sewer    | Entered a sewer
  7837 | D:6      | Noticed Blork the orc
  7839 | D:6      | Killed Blork the orc
  8513 | D:6      | Reached skill level 5 in Poison Magic
  9209 | D:7      | Reached * piety under Elyvilon
  9316 | D:7      | Learned a level 5 spell: Venom Bolt
  9452 | D:7      | Noticed Pikel
  9457 | D:7      | Killed Pikel
  9457 | D:7      | Reached XP level 10. HP: 53/53 MP: 7/20
  9743 | D:7      | Reached skill level 1 in Maces & Flails
 10971 | D:8      | Found Zin's Purification Station.
 10973 | D:8      | Found a glowing silver altar of Zin.
 12382 | D:9      | Found a staircase to the Lair.
 12382 | D:9      | Noticed an elephant
 12407 | D:9      | Killed an elephant
 12569 | D:9      | Reached skill level 5 in Maces & Flails
 12569 | D:9      | Reached XP level 11. HP: 57/57 MP: 10/21
 12819 | D:9      | Learned a level 5 spell: Lee's Rapid Deconstruction
 12827 | D:9      | Reached ** piety under Elyvilon
 13216 | D:9      | Found a basalt altar of Yredelemnul.
 13228 | D:9      | Found an iron altar of Okawaru.
 13229 | D:9      | Found a sparkling altar of Nemelex Xobeh.
 13594 | D:10     | Entered Level 10 of the Dungeon
 13743 | Lair:1   | Entered Level 1 of the Lair of Beasts
 14005 | Lair:1   | Reached skill level 1 in Air Magic
 14064 | Lair:1   | Noticed an oklob plant
 15142 | Lair:1   | Reached skill level 1 in Invocations
 15359 | Lair:2   | Found a frozen archway.
 15516 | IceCv    | Entered an ice cave
 15576 | Lair:2   | Noticed a five-headed hydra
 15636 | Lair:2   | Slain by a five-headed hydra

Skill      XL: |  1  2  3  4  5  6  7  8  9 10 11 |
---------------+----------------------------------+-----
Earth Magic    | 4 5 6 7 |  7.1
Conjurations   | 2 3 6 7 9 |  9.6
Armour         | 3 4 |  4.0
Spellcasting   | 3 5 7 |  7.0
Fighting       | 2 |  2.2
Poison Magic   | 2 6 8 9 |  9.5
Maces & Flails | 5 |  5.9
Air Magic      | 1 |  1.0
Invocations    | 2 |  2.1
Dodging        | |  1.5
Stealth        | |  2.1
Transmutations | |  0.7

Action                   |  1- 3 |  4- 6 |  7- 9 | 10-12 || total
-------------------------+-------+-------+-------+-------++-------
Melee: Unarmed           |       |     2 |       |       ||     2
       Whip              |       |       |       |   172 ||   172
 Cast: Sandblast         |    39 |    61 |   202 |    35 ||   337
       Stone Arrow       |     1 |     8 |    84 |   173 ||   266
       Olgreb's Toxic Ra |       |       |       |     9 ||     9
       Mephitic Cloud    |       |       |       |     2 ||     2
       Venom Bolt        |       |       |       |     1 ||     1
Invok: Lesser Healing    |       |       |       |     3 ||     3
  Use: Scroll            |     5 |       |     9 |       ||    14
       Potion            |       |     1 |       |     4 ||     5
  Eat: Chunk             |     2 |     7 |    24 |    15 ||    48
       Meat ration       |       |       |       |     1 ||     1
Armor: Robe              |     3 |    17 |     1 |       ||    21
       Leather armour    |       |       |   113 |   225 ||   338
       Ring mail         |       |       |     6 |       ||     6
       Skin              |       |       |       |    52 ||    52
Dodge: Dodged            |    11 |    28 |   130 |   289 ||   458
